 Dungeon Crawl Stone Soup version 0.29-a0-341-g24ffce5b50 (webtiles) character file.

Game seed: 2135010456041138918

0 siradein the Firebug (level 1, -1/13 HPs)
             Began as a Human Fire Elementalist on Apr 20, 2022.
             Slain by a ball python (2 damage)
             ... on level 1 of the Dungeon.
             The game lasted 00:00:18 (43 turns).

siradein the Firebug (Human Fire Elementalist)        Turns: 43, Time: 00:00:19

Health: -1/13      AC:  2    Str:  8    XL:     1   Next: 0%
Magic:  0/3        EV:  9    Int: 15    God:
Gold:   0          SH:  0    Dex: 13    Spells: 3/4 levels left

rFire   . . .      SeeInvis .   (no weapon)
rCold   . . .      Faith    .   (no shield)
rNeg    . . .      Spirit   .   a - +0 robe
rPois   .          Reflect  .   (no helmet)
rElec   .          Harm     .   (no cloak)
rCorr   .          Rampage  .   (no gloves)
Will    .....                   (no boots)
Stlth   ++........              (no amulet)
HPRegen 0.04/turn               (no ring)
MPRegen 0.08/turn               (no ring)

@: constricted
A: no striking features
a: no special abilities


You were on level 1 of the Dungeon.
You visited 1 branch of the dungeon, and saw 1 of its levels.

Inventory:

Armour
 a - a +0 robe (worn)
Potions
 b - a potion of magic


   Skills:
 - Level 2.0 Dodging
 - Level 2.0 Stealth
 + Level 2.0 Spellcasting
 + Level 1.0 Conjurations
 + Level 3.0 Fire Magic


You had 3 spell levels left.
You knew the following spells:

 Your Spells              Type           Power      Damage    Failure   Level
a - Foxfire               Conj/Fire      28%        2x1d5     10%         1

Your spell library contained the following spells:

 Spells                   Type           Power      Damage    Failure   Level
 Scorch                   Fire           20%        2d6       10%         2
 Conjure Flame            Conj/Fire      7%         6-21      28%         3
 Inner Flame              Hex/Fire       6%         N/A       34%         3
 Flame Wave               Conj/Fire      7%         2d5       67%         4


Dungeon Overview and Level Annotations

Branches:
Dungeon (1/15)

Altars:


Message History

A ball python comes into view.
A ball python is nearby!
A ball python is nearby!
You miscast Foxfire.
You are very lightly contaminated with residual magic.
Nothing appears to happen.
You miscast Foxfire.
Nothing appears to happen.
You conjure some foxfire!
The foxfire hits the ball python.
The ball python is moderately wounded.
The ball python hisses angrily.
The ball python attacks as you move away!
The ball python misses you. The ball python barely misses you.
Your magical contamination has completely faded away.
You conjure some foxfire!
The ball python bites you. The ball python grabs you.
The ball python constricts you. The ball python bites you.
The ball python constricts you.
The foxfire hits the ball python.
The ball python is moderately wounded.
The foxfire hits the ball python.
The ball python is severely wounded.
The ball python bites you but does no damage.
The ball python constricts you.
You hit the ball python but do no damage.
The ball python is severely wounded.
The ball python bites you. The ball python constricts you.
You barely miss the ball python.
The ball python is severely wounded.
The ball python bites you. The ball python constricts you.
You barely miss the ball python.
The ball python is severely wounded.
The ball python bites you.
* * * LOW HITPOINT WARNING * * *
The ball python constricts you.
You closely miss the ball python.
The ball python is severely wounded.
The ball python bites you.
* * * LOW HITPOINT WARNING * * *
The ball python constricts you. The ball python bites you.
You die...

###+#### #......#
#..#..### ######.......#
#.#.....#.(..#.###
####.....#..#S.......
##...@S...##.#.##.....
#..........#.#..ยง##...
###...#....#.....##S..#.
#..#..#...##...##. #...
##.####.#.#..#..# # ..
#...+ ..+....+...+
##'###...##+###...#
#....##+## # #.<..#


You could see a ball python.

Vanquished Creatures (others)
  3 foxfires (D:1)
3 creatures vanquished.

Notes
Turn   | Place    | Note
-------+----------+-------------------------------------------
     0 | D:1      | siradein the Human Fire Elementalist began the quest for
                  | the Orb.
     0 | D:1      | Reached XP level 1. HP: 13/13 MP: 3/3
    43 | D:1      | Slain by a ball python

Illustrated notes

Levels and vault maps discovered:
D:1:      arrival_zaba_pyramid, layout_loops_corners, serial_shops,
          nicolae_shop_crystal, minmay_gold_behind_fungi

Action                   || total
-------------------------++-------
Melee: Unarmed           ||     4
 Cast: Foxfire           ||     2
Armor: Robe              ||     1
Dodge: Dodged            ||     2

Table legend: (Time is in decaauts)
 A = Elapsed time spent in this place.
 B = Non-inter-level travel time spent in this place.
 C = Inter-level travel time spent in this place.
 D = Time resting spent in this place.
 E = Time spent auto-exploring this place.
 F = Levels seen in this place.
 G = Mean time per level.
                   A        B        C        D        E       F      G
               +--------+--------+--------+--------+--------+-----+--------+
         Total |     43 |     43 |      0 |      0 |     21 |   1 |   43.0 |
       Dungeon |     43 |     43 |      0 |      0 |     21 |   1 |   43.0 |
               +--------+--------+--------+--------+--------+-----+--------+

Top non-repeatable levels by time:
     D:1: 43 daAuts
